Map: [ESL] Inside and Out

Players

SKillous

  • Race: Protoss Protoss
  • League: Grandmaster
  • Spawn Location: 7:00

Cure - Winner!

  • Race: Terran Terran
  • League: Master
  • Spawn Location: 1:00

Event: HomeStory Cup XXII

VOD

Have the link to the VOD?

Description

Time

  • Played on: Dec. 16, 2022, 7:37 a.m.
  • Length: 12:10

All games in this series

Show
View Real Time Build Order
Export as new Build Order

SKillous Protoss 

Build Orders: 1 Gate Expand, Blink Stalkers, Colossus Rush 

Get SALT Encoding   

  12  0:00  Probe  
  13  0:12  Probe  
  14  0:16  Pylon  
  14  0:24  Probe  
  15  0:34  Gateway  
  15  0:36  Probe (Chrono Boost)  
  15  0:41  Assimilator  
  16  0:46  Probe (Chrono Boost)  
  17  0:51  Probe (Chrono Boost)  
  18  1:03  Probe  
  19  1:15  Probe  
  20  1:21  Cybernetics Core  
  20  1:31  Nexus  
  20  1:36  Pylon  
  20  1:39  Probe  
  21  1:45  Assimilator  
  21  1:51  Probe  
  22  1:54  Adept (Chrono Boost)  
  22  1:58  Warp Gate  
  24  2:03  Probe  
  25  2:15  Probe  
  26  2:19  Adept (Chrono Boost)  
  27  2:26  Twilight Council  
  27  2:27  Probe  
  28  2:33  Shield Battery  
  28  2:40  Adept  
  28  2:43  Probe x2 (Chrono Boost)  
  32  2:54  Probe x2 (Chrono Boost)  
  34  3:03  Probe, Blink (Chrono Boost)  
  34  3:10  Probe  
  35  3:16  Probe  
  36  3:22  Probe  
  37  3:28  Probe  
  37  3:32  Robotics Facility  
  39  3:34  Probe  
  39  3:36  Gateway  
  39  3:40  Probe  
  40  3:47  Pylon  
  40  3:49  Probe  
  40  3:53  Probe  
  42  4:03  Probe, Stalker  
  42  4:05  Probe  
  46  4:10  Nexus  
  46  4:13  Pylon  
  46  4:16  Probe  
  46  4:18  Probe  
  46  4:21  Observer (Chrono Boost)  
  48  4:26  Stalker  
  48  4:28  Probe  
  51  4:31  Stalker  
  51  4:33  Probe, Assimilator  
  51  4:38  Robotics Bay  
  54  4:40  Assimilator  
  54  4:41  Observer  
  55  4:47  Probe x2  
  57  4:57  Stalker  
  57  4:58  Stalker  
  57  4:59  Probe  
  62  5:02  Observer, Pylon  
  62  5:20  Shield Battery, Probe x2, Stalker x2  
  68  5:25  Colossus (Chrono Boost)  
  68  5:29  Observer  
  68  5:32  Shield Battery, Probe  
  68  5:35  Shield Battery  
  75  5:36  Probe  
  75  5:37  Probe  
  66  5:44  Charge, Probe (Chrono Boost)  
  66  5:48  Probe (Chrono Boost)  
  69  5:51  Observer, Probe (Chrono Boost)  
  69  5:56  Probe (Chrono Boost)  
  70  6:00  Sentry, Probe (Chrono Boost)  
  70  6:02  Probe (Chrono Boost)  
  75  6:06  Probe (Chrono Boost)  
  75  6:07  Probe (Chrono Boost)  
  75  6:08  Probe (Chrono Boost)  
  77  6:11  Pylon  
  77  6:12  Colossus (Chrono Boost), Probe (Chrono Boost)  
  77  6:18  Probe  
  85  6:22  Pylon  
  85  6:29  Probe x2  
  87  6:36  Probe (Chrono Boost)  
  86  6:41  Sentry, Probe (Chrono Boost)  
  86  6:42  Stalker  
  86  6:47  Probe (Chrono Boost)  
  92  6:49  Observer  
  92  6:52  Pylon  
  92  6:53  Probe (Chrono Boost)  
  92  6:54  Extended Thermal Lance, Probe (Chrono Boost)  
  94  6:57  Probe (Chrono Boost)  
  94  6:58  Probe (Chrono Boost)  
  94  7:00  Probe (Chrono Boost)  
  97  7:07  Probe, Pylon  
  98  7:08  Pylon  
  98  7:09  Probe  
  98  7:12  Colossus  
  98  7:14  Probe  
  100  7:22  Probe (Chrono Boost)  
  100  7:27  Probe (Chrono Boost)  
  100  7:29  Pylon  
  100  7:31  Probe (Chrono Boost)  
  89  7:37  Probe (Chrono Boost)  
  89  7:38  Stalker x2  
  89  7:39  Probe (Chrono Boost)  
  89  7:41  Probe (Chrono Boost)  
  93  7:45  Probe  
  93  7:48  Gateway, Probe  
  95  7:52  Probe  
  95  7:57  Probe  
  95  7:58  Gateway  
  96  8:00  Probe  
  96  8:01  Forge  
  96  8:02  Sentry x2  
  96  8:03  Forge  
  96  8:04  Probe  
  96  8:05  Warp Prism (Chrono Boost)  
  102  8:09  Probe  
  105  8:12  Assimilator  
  105  8:16  Assimilator  
  105  8:18  Pylon  
  101  8:27  Probe x2  
  103  8:34  Sentry  
  103  8:35  Zealot  
  103  8:39  Probe x2  
  103  8:40  Protoss Ground Weapons Level 1 (Chrono Boost), Protoss Ground Armor Level 1 (Chrono Boost)  
  109  8:43  Immortal (Chrono Boost)  
  109  8:44  Probe  
  112  8:50  Dark Shrine  
  113  8:55  Pylon  
  113  8:56  Gravitic Drive  
  112  9:05  Gateway x2  
  112  9:07  Photon Cannon  
  112  9:11  Robotics Facility  
  112  9:13  Zealot x4  
  120  9:19  Observer (Chrono Boost)  
  121  9:25  Gateway  
  121  9:28  Gateway  
  121  9:29  Pylon  
  121  9:35  Shield Battery, Photon Cannon  
  121  9:38  Zealot x4  
  121  9:43  Disruptor (Chrono Boost)  
  129  9:49  Probe  
  133  10:03  Zealot x3  
  133  10:04  Zealot, Dark Templar x2  
  143  10:08  Disruptor (Chrono Boost)  
  139  10:18  Disruptor (Chrono Boost)  
  139  10:20  Probe  
  128  10:21  Zealot  
  128  10:23  Probe  
  125  10:31  Probe  
  125  10:34  Zealot x6  
  132  10:37  Disruptor (Chrono Boost)  
  132  10:38  Pylon  
  132  10:39  Zealot x3  
  127  10:47  Disruptor (Chrono Boost)  
  128  10:57  Stalker x5  
  128  11:02  Nexus  
  138  11:09  Probe, Pylon  
  142  11:21  Zealot x4  
  142  11:22  Zealot  
  149  11:29  Zealot x3  
  145  11:35  Pylon  
  141  11:42  Dark Templar x3  
  101  11:57  Stalker x4  
  101  11:58  Stalker  
Show
View Real Time Build Order
Export as new Build Order

Cure Terran - Winner!

Build Orders:  

Get SALT Encoding   

  12  0:00  SCV  
  13  0:12  SCV  
  14  0:17  Supply Depot  
  14  0:24  SCV  
  15  0:38  SCV  
  15  0:40  Barracks  
  15  0:42  Refinery  
  16  0:51  SCV  
  17  0:58  Barracks  
  17  1:03  SCV  
  18  1:12  Supply Depot  
  18  1:15  SCV  
  19  1:27  Reaper  
  19  1:32  Orbital Command  
  20  1:44  Reaper  
  21  1:57  SCV  
  22  2:01  Reaper  
  23  2:09  SCV  
  23  2:13  Command Center  
  24  2:20  Marine  
  24  2:21  SCV  
  26  2:24  Refinery  
  26  2:26  Supply Depot  
  26  2:33  Marine  
  26  2:34  SCV  
  28  2:40  Marine  
  28  2:43  Factory  
  29  2:46  SCV  
  30  2:52  Barracks Reactor  
  30  2:58  SCV, Barracks Tech Lab  
  30  3:10  SCV  
  31  3:17  Marine  
  32  3:22  SCV  
  32  3:24  Orbital Command  
  33  3:28  Widow Mine, Starport  
  33  3:29  Marine x2  
  37  3:34  SCV  
  37  3:35  Marine  
  39  3:45  Bunker  
  39  3:46  Marine  
  39  3:47  Supply Depot, SCV  
  41  3:51  Marine  
  41  3:54  SCV  
  45  3:59  SCV  
  46  4:06  SCV  
  46  4:08  Medivac  
  46  4:09  Widow Mine  
  49  4:11  Supply Depot  
  49  4:12  SCV  
  49  4:13  Marine  
  49  4:14  Marine x2  
  53  4:18  SCV  
  53  4:24  SCV  
  55  4:26  Supply Depot  
  55  4:29  Engineering Bay  
  55  4:30  SCV  
  56  4:34  Stimpack  
  56  4:35  Marauder  
  56  4:36  SCV  
  56  4:37  Marine x2  
  61  4:40  Medivac  
  61  4:43  SCV  
  64  4:47  Refinery  
  64  4:48  SCV  
  64  4:55  SCV  
  64  4:57  Marine x2  
  64  4:58  Marauder  
  69  5:00  SCV  
  69  5:01  Factory Tech Lab  
  69  5:02  Barracks  
  70  5:07  SCV  
  70  5:08  Supply Depot, Terran Infantry Weapons Level 1  
  70  5:12  SCV  
  71  5:15  Refinery  
  71  5:16  Marine  
  71  5:20  Marauder, Starport Reactor  
  74  5:22  SCV  
  74  5:27  Factory Reactor  
  75  5:30  Supply Depot, SCV  
  75  5:31  Supply Depot  
  76  5:39  Marine x2  
  76  5:41  Marauder  
  80  5:48  SCV x2, Missile Turret  
  82  5:56  Marauder  
  84  5:57  Supply Depot, Marine x2  
  84  6:01  Supply Depot, Combat Shield  
  84  6:03  Marauder  
  84  6:04  Medivac x2  
  92  6:14  Concussive Shells, Widow Mine x2  
  92  6:18  SCV x2  
  98  6:23  Marauder, Marine  
  98  6:24  Supply Depot, Marauder  
  102  6:27  Marine  
  103  6:38  Medivac x2  
  107  6:40  Widow Mine x2  
  107  6:45  Marine  
  110  6:50  Marauder  
  110  6:51  Marauder, Marine  
  110  6:54  Supply Depot, Command Center  
  115  7:02  SCV x2, Terran Infantry Armor Level 1  
  115  7:17  Marauder, Marine x2  
  115  7:18  Marauder  
  115  7:21  Medivac x2, Widow Mine x2  
  111  7:42  Widow Mine x2  
  114  7:47  Barracks  
  114  7:49  Marine  
  114  7:50  Barracks, Marauder x2, Marine  
  114  7:51  Medivac x2  
  124  7:55  SCV x2  
  126  8:04  Widow Mine  
  124  8:06  Orbital Command  
  124  8:07  SCV x2, Marine x2  
  124  8:11  Marauder x2  
  132  8:19  Widow Mine  
  134  8:20  SCV x2  
  134  8:25  Widow Mine  
  128  8:30  Ghost Academy  
  128  8:31  Marine  
  128  8:32  SCV x2  
  128  8:33  Marauder x2  
  128  8:34  Medivac  
  137  8:36  SCV  
  137  8:41  Widow Mine  
  138  8:44  SCV, Barracks Tech Lab, Marine x2  
  138  8:46  SCV  
  138  8:48  SCV  
  141  8:54  Marauder  
  141  8:55  Supply Depot x2  
  143  8:56  SCV  
  143  8:57  Widow Mine  
  143  8:58  SCV  
  143  9:00  SCV  
  148  9:06  Refinery  
  148  9:07  Refinery  
  149  9:10  Barracks Reactor  
  149  9:11  Supply Depot  
  149  9:12  Enhanced Shockwaves  
  149  9:16  Widow Mine, Marauder, Marine x2  
  155  9:19  Supply Depot x2  
  155  9:20  Marauder  
  155  9:22  Marauder  
  158  9:29  Engineering Bay, Armory  
  158  9:42  Supply Depot  
  158  9:43  Supply Depot  
  158  9:47  Ghost x2  
  158  9:50  Command Center  
  158  9:51  Ghost  
  164  9:56  Marine x4  
  167  10:06  Missile Turret  
  154  10:14  Marine x2  
  154  10:15  Marine x2  
  154  10:16  Marauder x2  
  151  10:23  Marine  
  152  10:30  SCV x3  
  152  10:32  Marine x4  
  159  10:37  Marauder x2  
  159  10:41  Marine  
  157  10:50  SCV x2, Marine x4  
  157  10:52  SCV  
  157  10:55  Missile Turret  
  162  10:59  Marauder x3  
  172  11:04  Widow Mine x2  
  172  11:06  Missile Turret  
  172  11:08  Marine  
  173  11:16  Planetary Fortress  
  173  11:21  Marine x4  
  173  11:22  Marauder x2  
  181  11:30  Viking x2  
  180  11:41  Marine  
  180  11:42  Marauder, Marine x3  
  180  11:43  Marauder  
Tags
 
Add a new tag
Caveats
  • Supply blocks, unpowered buildings, or Contaminate may cause inaccurate times.
  • Supply counts are checked every 10 seconds.